 Dungeon Crawl Stone Soup version 0.31.0-11-ge490571c62 (webtiles) character file.

Game seed: 5405931803784391294

576 stipulation the Grave Robber (level 7, -1/32 HPs)
             Began as a Vine Stalker Necromancer on Jan 28, 2024.
             Slain by Edmund
             ... wielding a +5 flail of protection
              (8 damage)
             ... on level 4 of the Dungeon.
             The game lasted 00:05:50 (4093 turns).

stipulation the Grave Robber (VSNe)                 Turns: 4093, Time: 00:05:50

Health: -1/32      AC:  5    Str: 10    XL:     7   Next: 35%
Magic:  0/16       EV: 12    Int: 17    God:
Gold:   273        SH:  0    Dex: 15    Spells: 9/17 levels left

rFire   . . .        d - +0 dagger
rCold   . . .        (no shield)
rNeg    . . .        a - +0 robe
rPois   .            (no helmet)
rElec   .            (no cloak)
rCorr   .            l - +2 pair of gloves
SInv    .            (no boots)
Will    .....        (no amulet)
Stlth   ++           (no ring)
HPRegen 1.05/turn    (no ring)
MPRegen 0.15/turn

%: guardian spirit
@: no status effects
A: fangs 2, regeneration 1, magic shield, antimagic bite, no potion heal 2
a: no special abilities


You were on level 4 of the Dungeon.
You visited 1 branch of the dungeon, and saw 5 of its levels.

You collected 293 gold pieces.
You spent 20 gold pieces at shops.

Inventory:

Hand Weapons
 d - a +0 dagger (weapon)
Missiles
 p - a throwing net
Armour
 a - a +0 robe (worn)
 l - a +2 pair of gloves (worn)
Scrolls
 c - 2 scrolls of teleportation
 f - 3 scrolls of immolation
 h - a scroll of blinking {unknown}
 j - 2 scrolls of enchant weapon
 n - a scroll of fog {unknown}
 r - 2 scrolls of poison {unknown}
 t - 2 scrolls of noise {unknown}
Potions
 b - a potion of magic
 e - a potion of mutation
 g - 2 potions of might
 i - a potion of invisibility {unknown}
 k - a potion of lignification
 m - a potion of berserk rage {unknown}
 o - a potion of enlightenment {unknown}
 q - 2 potions of curing {unknown}
 s - a potion of cancellation {unknown}


   Skills:
 - Level 1.5 Dodging
 - Level 2.4 Stealth
 + Level 5.8 Spellcasting
 + Level 6.7 Necromancy


You had 9 spell levels left.
You knew the following spells:

 Your Spells              Type           Power      Damage    Failure   Level
a - Necrotise             Necr           100%       1d9       1%          1
b - Vampiric Draining     Necr           27%        2d7       2%          3
c - Animate Dead          Necr           27%        N/A       9%          4

Your spell library contained the following spells:

 Spells                   Type           Power      Damage    Failure   Level
 Fugue of the Fallen      Necr           27%        N/A       2%          3
 Curse of Agony           Necr           27%        N/A       22%         5
 Call Canine Familiar     Summ           4%         N/A       36%         3
 Inner Flame              Hex/Fire       4%         N/A       36%         3
 Ozocubu's Armour         Ice            4%         N/A       36%         3
 Sigil of Binding         Hex            4%         N/A       36%         3
 Dimensional Bullseye     Hex/Tloc       2%         N/A       78%         4
 Flame Wave               Conj/Fire      4%         2d5       78%         4
 Manifold Assault         Tloc           4%         N/A       78%         4
 Sticky Flame             Fire/Alch      4%         2d4       78%         4


Dungeon Overview and Level Annotations

Branches:
Dungeon (5/15)
 Temple: D:4-7

Altars:

Shops:
D:1 :   D:4 *

Annotations:
D:4 Edmund


Innate Abilities, Weirdness & Mutations

You have extremely sharp teeth.
Your natural rate of healing is unusually fast.
When hurt, damage is shared between your health and your magic reserves.
Your bite disrupts and absorbs the magic of your enemies.
Potions cannot restore your health.


Message History

You draw life force from Edmund!
You feel life coursing into your body.
Edmund hits you with a +5 flail of protection.
Casting: Vampiric Draining (dangerous; 2% risk of failure)
Confirm with . or Enter, or press ? or * to list all spells.
Aiming: Vampiric Draining (dangerous; 2% risk of failure)
Press: ? - help, Shift-Dir - straight line, f/p - Edmund
Aim: Edmund, wielding a +5 flail of protection and wearing a +0 leather armour (moderately wounded)
You draw life force from Edmund!
You feel life coursing into your body.
Edmund says, "Everyone always remembers my brother. 'Who's Edmund?' they ask!"
Edmund barely misses you.
Casting: Vampiric Draining (dangerous; 2% risk of failure)
Confirm with . or Enter, or press ? or * to list all spells.
Aiming: Vampiric Draining (dangerous; 2% risk of failure)
Press: ? - help, Shift-Dir - straight line, f/p - Edmund
Aim: Edmund, wielding a +5 flail of protection and wearing a +0 leather armour (heavily wounded)
You draw life force from Edmund.
Edmund hits you with a +5 flail of protection!
Casting: Vampiric Draining (dangerous; 2% risk of failure)
Confirm with . or Enter, or press ? or * to list all spells.
You don't know that spell.
Casting: Vampiric Draining (dangerous; 2% risk of failure)
Confirm with . or Enter, or press ? or * to list all spells.
Aiming: Necrotise (safe; 1% risk of failure)
Press: ? - help, Shift-Dir - straight line, f/p - Edmund
Aim: Edmund, wielding a +5 flail of protection and wearing a +0 leather armour (heavily wounded, chance to affect: 83%) Edmund barely resists.
Edmund hits you with a +5 flail of protection!
Casting: Necrotise (safe; 1% risk of failure)
Confirm with . or Enter, or press ? or * to list all spells.
Aiming: Necrotise (safe; 1% risk of failure)
Press: ? - help, Shift-Dir - straight line, f/p - Edmund
Aim: Edmund, wielding a +5 flail of protection and wearing a +0 leather armour (heavily wounded, chance to affect: 83%) Edmund writhes in agony.
Edmund hits you with a +5 flail of protection!
* * * LOW HITPOINT WARNING * * *
You hit Edmund but do no damage.
Edmund is heavily wounded.
Edmund hits you with a +5 flail of protection!
You die...
Edmund says, "I'd like to see a scythe do that!"

#.# #.....# #.# ##.. #.# #.....#
##.###..# #.#
#.....######..#...##
########.#####...............###
...................####...####
########.#####.....# #.### ##
#.# #.....# #.# .#### #.#
#..@..####.# ....# #.#
#..@..##...# ###.####.#
#######..### .##......## ###.##
...#####..# #...# ##.....#..##
##.### .....#.#...######..####
####..................#####
####....#.#...####.....#
##.##.....### #####.###


You could see Edmund.

Vanquished Creatures
  An ogre (D:4)
  A phantom (D:4)
  A scorpion (D:4)
  A jelly (D:4)
  A gnoll bouda (D:3)
  A sleepcap (D:4)
  An iguana (D:4)
  2 gnolls (D:3)
  9 adders
  2 ribbon worms
  3 dart slugs
  An orc (D:3)
  6 ball pythons
  10 endoplasms
  2 giant cockroaches (D:1)
  9 goblins
  8 hobgoblins
  2 jackals (D:4)
  2 quokkas
  5 bats
  4 frilled lizards
  8 kobolds
  7 rats
87 creatures vanquished.

Vanquished Creatures (collateral kills)
  A hound (D:3)
  A gnoll (D:3)
  A dart slug (D:1)
  An orc (D:3)
  A frilled lizard (D:1)
  A kobold (D:1)
6 creatures vanquished.

Grand Total: 93 creatures vanquished

Notes
Turn   | Place    | Note
-------+----------+-------------------------------------------
     0 | D:1      | stipulation the Vine Stalker Necromancer began the quest
                  | for the Orb.
     0 | D:1      | Reached XP level 1. HP: 9/9 MP: 4/4
   147 | D:1      | Found Ageso's Book Shoppe.
   227 | D:1      | Reached XP level 2. HP: 13/13 MP: 3/6
   630 | D:1      | Reached XP level 3. HP: 16/16 MP: 5/8
  2025 | D:3      | Reached XP level 4. HP: 21/21 MP: 6/10
  2139 | D:3      | Reached skill level 5 in Necromancy
  2319 | D:3      | Found a faded altar of an unknown god.
  2375 | D:3      | Reached XP level 5. HP: 21/24 MP: 7/11
  3113 | D:4      | Noticed a phantom
  3153 | D:4      | Reached XP level 6. HP: 28/28 MP: 8/14
  3337 | D:4      | Reached skill level 6 in Necromancy
  3438 | D:4      | Reached skill level 5 in Spellcasting
  3672 | D:4      | Learned a level 3 spell: Vampiric Draining
  3677 | D:4      | Learned a level 4 spell: Animate Dead
  3731 | D:4      | Reached XP level 7. HP: 20/32 MP: 1/16
  4050 | D:4      | Found Winuufef's General Store.
  4058 | D:4      | Bought a scroll of identify for 20 gold pieces
  4084 | D:5      | Entered Level 5 of the Dungeon
  4084 | D:5      | Noticed Edmund
  4093 | D:4      | Slain by Edmund

Illustrated notes

Levels and vault maps discovered:
D:1:      tarquinn_simple_flora_water_d, layout_loops_ring, serial_shops,
          nicolae_shop_real_fake_doors, minmay_pentomino_r2
D:2:      layout_rooms
D:3:      minmay_chambers_of_twos, layout_basic, basic_ecumenical_altar,
          minmay_starry_boxes
D:4:      layout_rooms, serial_shops, nicolae_shop_window_shopping
D:5:      layout_basic, uniq_edmund

Skill      XL: |  1  2  3  4  5  6 |
---------------+-------------------+-----
Spellcasting   | 3 4 5 |  5.8
Necromancy     | 5 6 |  6.7
Dodging        | |  1.5
Stealth        | |  2.4

Action                     |  1- 3 |  4- 6 |  7- 9 || total
---------------------------+-------+-------+-------++-------
  Melee: Unarmed           |     7 |       |       ||     7
         Dagger            |    11 |    35 |    24 ||    70
         Bite              |     3 |     7 |     9 ||    19
         Punch             |     1 |     1 |     1 ||     3
   Cast: Necrotise         |    73 |   123 |     9 ||   205
         Vampiric Draining |       |     1 |     4 ||     5
    Use: Scroll            |     4 |     1 |     1 ||     6
   Stab: Sleeping          |       |       |     1 ||     1
 Armour: Robe              |    27 |    50 |    23 ||   100
  Dodge: Dodged            |    15 |    45 |    11 ||    71
